 Dungeon Crawl Stone Soup version 0.20-a0-32-gb8e7c72 (webtiles) character file.

64 yukitheduck the Magician (level 3, 0/16 HPs)
             Began as a Spriggan Ice Elementalist on Nov 8, 2016.
             Slain by an orc priest
             ... wielding a +0 war axe
              (8 damage)
             ... on level 4 of the Dungeon.
             The game lasted 00:19:53 (2183 turns).

yukitheduck the Magician (SpIE)                     Turns: 2183, Time: 00:19:53

Health: 0/16       AC:  2    Str:  2 (4)  XL:     3   Next: 91%
Magic:  9/9        EV: 18    Int: 16 (17) God:
Gold:   124        SH:  0    Dex: 15 (16) Spells: 2 memorised, 7 levels left

rFire  . . .     SeeInvis +     n - +0 dagger
rCold  . . .     Gourm    .     a - +0 robe
rNeg   . . .     Faith    .     (shield restricted)
rPois  .         Spirit   .     (helmet restricted)
rElec  .         Reflect  .     (no cloak)
rCorr  .         Harm     .     (gloves unavailable)
MR     +....                    (boots unavailable)
Stlth  ++........               (no amulet)
                                (no ring)
                                j - ring of protection from magic

@: very quick
A: unfitting armour, see invisible, herbivore 3, speed 3, slow metabolism 2
a: no special abilities


You were on level 4 of the Dungeon.
You were not hungry.

You visited 1 branch of the dungeon, and saw 4 of its levels.

You collected 124 gold pieces.

Inventory:

Hand Weapons
 n - a +0 dagger (weapon)
Armour
 a - a +0 robe (worn)
Jewellery
 j - a ring of protection from magic (left hand)
Wands
 o - a wand of enslavement (15/24)
Scrolls
 d - a scroll of magic mapping {unknown}
 e - a scroll of teleportation
 h - 2 scrolls of enchant armour {unknown}
 i - 2 scrolls of remove curse {unknown}
 m - 2 scrolls of identify {unknown}
Potions
 f - a potion of flight {unknown}
 l - a potion of haste
Books
 b - a book of Frost

   Spells                             Type                      Level
   a - Freeze                         Ice                          1
   b - Throw Frost                    Conjuration/Ice              2
   c - Ozocubu's Armour               Charms/Ice                   3
   d - Throw Icicle                   Conjuration/Ice              4
   e - Summon Ice Beast               Ice/Summoning                4
Comestibles
 c - 3 bread rations


   Skills:
 - Level 3.0 Dodging
 - Level 3.0 Stealth
 + Level 4.2 Spellcasting
 - Level 0.6 Conjurations
 - Level 3.3 Ice Magic


You had 7 spell levels left.
You knew the following spells:

 Your Spells              Type           Power        Failure   Level  Hunger
a - Freeze                Ice            ##..         6%          1    None
b - Throw Frost           Conj/Ice       #.....       12%         2    ##.....


Dungeon Overview and Level Annotations

Branches:
Dungeon (4/15)
 Temple: D:4-7

Altars:
Trog

Annotations:
D:3 exclusion: phantom


Innate Abilities, Weirdness & Mutations

You are very small and have problems with some larger weapons.
You are too small for most types of armour.
You have supernaturally acute eyesight. (SInv)
You are a herbivore.
You cover ground extremely quickly.
You need consume almost no food.


Message History

The frilled lizard completely misses you.
You hit the frilled lizard.
You kill the frilled lizard!
No target in view!
You see here a frilled lizard corpse.
You butcher the frilled lizard corpse.
You see here a chunk of flesh.
Partly explored, can't reach some places.
There is a stone staircase leading down here.
You climb downwards. 2 orcs and 2 orc priests come into view.
The orc priest shouts!
The orc shouts!
The orc priest shouts!
The orc shouts!
You hear a shout! x2
Found 9 gold pieces and a dagger.
Found a bloodstained altar of Trog.
There is a stone staircase leading up here.
The orc priest hits you with a dagger!
Ouch! That really hurt!
The orc priest hits you with a war axe!
Ouch! That really hurt!
You die...

#####
#...# #
._.o.#
..#o##...
#o.....$.
#@#
#..o...#
####.###
#.# #.#
#.# ...
###


You could see 2 orc priests and 2 orcs.

Vanquished Creatures
  An adder (D:2)
  An ooze (D:2)
  A worm (D:2)
  2 dart slugs (D:1)
  A leopard gecko (D:2)
  An orc (D:3)
  8 bats
  A giant cockroach (D:2)
  3 hobgoblins
  2 jackals
  3 quokkas
  5 frilled lizards
  7 goblins
  5 rats
41 creatures vanquished.

Notes
Turn   | Place    | Note
-------+----------+-------------------------------------------
     0 | D:1      | yukitheduck the Spriggan Ice Elementalist began the quest for the Orb.
     0 | D:1      | Reached XP level 1. HP: 9/9 MP: 5/5
   250 | D:1      | Reached XP level 2. HP: 13/13 MP: 4/6
   254 | D:1      | Learned a level 2 spell: Throw Frost
   697 | D:2      | Reached skill level 3 in Spellcasting
   731 | D:2      | Reached XP level 3. HP: 16/16 MP: 8/8
  1604 | D:3      | Noticed a phantom
  1671 | D:3      | Reached skill level 4 in Spellcasting
  2182 | D:4      | Found a bloodstained altar of Trog.
  2183 | D:4      | Slain by an orc priest

Vault maps used:
D:1:      dpeg_arrival_fog
D:3:      gammafunk_temple_overflow_elements
D:4:      kennysheep_mini, lemuel_round_altar, bloody_trog, first_bread,
          nicolae_ashenzari_panopticon

Skill      XL: |  1  2  3 |
---------------+----------+-----
Ice Magic      | 3 |  3.3
Spellcasting   | 3 4 |  4.2
Dodging        | |  3.0
Stealth        | |  3.0
Conjurations   | |  0.6

Action                   || total
-------------------------++-------
Melee: Unarmed           ||    68
       Dagger            ||    23
 Cast: Freeze            ||    46
       Throw Frost       ||     9
  Use: Potion            ||     4
       Scroll            ||     1
 Stab: Sleeping          ||     4
Armor: Robe              ||    26
Dodge: Dodged            ||   131
